MLB
HOUSTON ASTROS @ TEXAS RANGERS
07/11/2019
 
TOP OF THE 1ST
Houston Astros batting - Pitching for Texas Rangers : RHP Matt Shoemaker
Pitching: RHP Matt Shoemaker
Batting: LHB Colin Moran 0-0: Called Strike
0-1: Foul Ball, location: 2F
0-2: Ball
1-2: Ball
2-2: Foul Ball, location: 2F
2-2: Fly out, F8 (Flyball, 8RD, EV 83.1 MPH)
Batting: LHB Bradley Zimmer 0-0: Ball
1-0: Swinging Strike
1-1: Ball
2-1: Ground out 3-1 (Groundball, 34, EV 103.1 MPH)
Batting: RHB Edwin Encarnacion 0-0: Called Strike
0-1: Called Strike
0-2: Strikes out swinging
Top of the 1st over - 0 runs, 0 hits, 0 errors, 0 left on base; Houston 0 - Texas 0
BOTTOM OF THE 1ST
Texas Rangers batting - Pitching for Houston Astros : RHP Nick Neidert
Pitching: RHP Nick Neidert
Batting: LHB Ender Inciarte 0-0: Fly out, F6 (Popup, 6M, EV 58.8 MPH)
Batting: SHB Cesar Hernandez 0-0: Called Strike
0-1: Foul Ball, location: 2F
0-2: Strikes out looking
Batting: LHB Bryce Harper 0-0: Called Strike
0-1: Ball
1-1: Swinging Strike
1-2: Ball
2-2: Strikes out looking
Bottom of the 1st over - 0 runs, 0 hits, 0 errors, 0 left on base; Houston 0 - Texas 0
TOP OF THE 2ND
Houston Astros batting - Pitching for Texas Rangers : RHP Matt Shoemaker
Batting: LHB Jason Heyward 0-0: Foul Ball, location: 2F
0-1: Ball
1-1: Called Strike
1-2: Strikes out swinging
Batting: SHB Ben Zobrist 0-0: Foul Ball, location: 2F
0-1: Ball
1-1: Foul Ball, location: 2F
1-2: Ball
2-2: Strikes out looking
Batting: SHB Jorge Polanco 0-0: Called Strike
0-1: Swinging Strike
0-2: Foul Ball, location: 2F
0-2: Ball
1-2: Strikes out swinging
Top of the 2nd over - 0 runs, 0 hits, 0 errors, 0 left on base; Houston 0 - Texas 0
BOTTOM OF THE 2ND
Texas Rangers batting - Pitching for Houston Astros : RHP Nick Neidert
Batting: LHB Eric Thames 0-0: Ball
1-0: Ball
2-0: Ball
3-0: Base on Balls
Batting: LHB Joc Pederson 0-0: Ball
1-0: Ball
2-0: Foul Ball, location: 2F
2-1: Ball
3-1: Foul Ball, location: 2F
3-2: Foul Ball, location: 2F
3-2: Base on Balls
Eric Thames to second
Batting: RHB Andrelton Simmons 0-0: SINGLE (Groundball, 56D, EV 103.1 MPH)
Eric Thames to third
Joc Pederson to second
Batting: LHB Max Muncy 0-0: Ball
1-0: Ball
2-0: Called Strike
2-1: Fielders Choice at 2nd, 3-6 (Groundball, 3, EV 90.6 MPH)
Eric Thames scores
Joc Pederson to third
Batting: SHB Jeimer Candelario 0-0: Foul Ball, location: 2F
0-1: Fly out, F8 (Flyball, 8LS, EV 83.8 MPH)
Batting: RHB Wilson Ramos 0-0: Ball
1-0: Foul Ball, location: 2F
1-1: Swinging Strike
1-2: Ball
2-2: Ball
3-2: 3-RUN HOME RUN (Flyball, 7D, EV 88.8 MPH), Distance : 405 ft
Batting: LHB Ender Inciarte 0-0: SOLO HOME RUN (Flyball, 7LD, EV 101.3 MPH), Distance : 344 ft
Batting: SHB Cesar Hernandez 0-0: Foul Ball, location: 2F
0-1: Called Strike
0-2: Ball
1-2: Fly out, F7 (Line Drive, 7, EV 90.6 MPH)
Bottom of the 2nd over - 5 runs, 3 hits, 0 errors, 0 left on base; Houston 0 - Texas 5
TOP OF THE 3RD
Houston Astros batting - Pitching for Texas Rangers : RHP Matt Shoemaker
Batting: RHB Jermaine Palacios 0-0: Foul Ball, location: 2F
0-1: Foul Ball, location: 2F
0-2: Strikes out looking
Batting: LHB Rougned Odor 0-0: Ball
1-0: Ball
2-0: Ball
3-0: Called Strike
3-1: Called Strike
3-2: Base on Balls
Batting: SHB Tucker Barnhart 0-0: SINGLE (Flyball, 7LS, EV 91.9 MPH)
Rougned Odor to second
Batting: LHB Colin Moran 0-0: Ball
1-0: 3-RUN HOME RUN (Flyball, 89XD, EV 94.4 MPH), Distance : 397 ft
Batting: LHB Bradley Zimmer 0-0: Ball
1-0: Ball
2-0: Called Strike
2-1: DOUBLE (Line Drive, 7LM, EV 97.5 MPH)
Batting: RHB Edwin Encarnacion 0-0: Called Strike
0-1: Ball
1-1: Foul Ball, location: 2F
1-2: Foul Ball, location: 2F
1-2: Strikes out swinging
Batting: LHB Jason Heyward 0-0: Foul Ball, location: 2F
0-1: Ball
1-1: Swinging Strike
1-2: Foul Ball, location: 2F
1-2: Fly out, F9 (Flyball, 9, EV 83.1 MPH)
Top of the 3rd over - 3 runs, 3 hits, 0 errors, 1 left on base; Houston 3 - Texas 5
BOTTOM OF THE 3RD
Texas Rangers batting - Pitching for Houston Astros : RHP Nick Neidert
Batting: LHB Bryce Harper 0-0: Ball
1-0: Swinging Strike
1-1: Swinging Strike
1-2: Ball
2-2: Strikes out swinging
Batting: LHB Eric Thames 0-0: Called Strike
0-1: Foul Ball, location: 2F
0-2: Ball
1-2: Ball
2-2: Ball
3-2: Base on Balls
Batting: LHB Joc Pederson 0-0: Swinging Strike
0-1: Called Strike
0-2: Fly out, F6 (Flyball, 4D, EV 79.4 MPH)
Batting: RHB Andrelton Simmons 0-0: Fly out, F7 (Flyball, 7D, EV 90.0 MPH)
Bottom of the 3rd over - 0 runs, 0 hits, 0 errors, 1 left on base; Houston 3 - Texas 5
TOP OF THE 4TH
Houston Astros batting - Pitching for Texas Rangers : RHP Matt Shoemaker
Batting: SHB Ben Zobrist 0-0: Ball
1-0: Foul Ball, location: 2F
1-1: Called Strike
1-2: Foul Ball, location: 2F
1-2: Ground out U3 (Groundball, 34, EV 98.1 MPH)
Batting: SHB Jorge Polanco 0-0: Called Strike
0-1: Ball
1-1: Ball
2-1: Called Strike
2-2: Strikes out swinging
Batting: RHB Jermaine Palacios 0-0: Ball
1-0: Ball
2-0: Ball
3-0: Base on Balls
Batting: LHB Rougned Odor 0-0: Ball
1-0: Foul Ball, location: 2F
1-1: Ball
2-1: Ground out 6-3 (Groundball, 6MD, EV 100.6 MPH)
Top of the 4th over - 0 runs, 0 hits, 0 errors, 1 left on base; Houston 3 - Texas 5
BOTTOM OF THE 4TH
Texas Rangers batting - Pitching for Houston Astros : RHP Nick Neidert
Batting: LHB Max Muncy 0-0: SOLO HOME RUN (Flyball, 9D, EV 100.0 MPH), Distance : 356 ft
Pitching: RHP Domingo Acevedo
Batting: SHB Jeimer Candelario 0-0: Ball
1-0: Ground out U3 (Groundball, 3, EV 86.9 MPH)
Batting: RHB Wilson Ramos 0-0: Called Strike
0-1: Foul Ball, location: 2F
0-2: SINGLE (Line Drive, 89M, EV 88.1 MPH)
Batting: LHB Ender Inciarte 0-0: Ball
1-0: Called Strike
1-1: Called Strike
1-2: Ball
2-2: Foul Ball, location: 2F
2-2: Grounds into double play, 5-4-3 (Groundball, 5, EV 87.5 MPH)
Bottom of the 4th over - 1 run, 2 hits, 0 errors, 0 left on base; Houston 3 - Texas 6
TOP OF THE 5TH
Houston Astros batting - Pitching for Texas Rangers : RHP Matt Shoemaker
Batting: SHB Tucker Barnhart 0-0: Called Strike
0-1: Ball
1-1: Ball
2-1: Foul Ball, location: 2F
2-2: Ball
3-2: SOLO HOME RUN (Flyball, 9D, EV 105.6 MPH), Distance : 370 ft
Batting: LHB Colin Moran 0-0: Foul Ball, location: 2F
0-1: Foul Ball, location: 2F
0-2: Strikes out swinging
Batting: LHB Bradley Zimmer 0-0: Ball
1-0: Ball
2-0: Ball
3-0: Reached on error, E4 (Groundball, 4, EV 100.6 MPH)
Batting: RHB Edwin Encarnacion 0-0: Foul Ball, location: 2F
0-1: Ball
1-1: Foul Ball, location: 2F
1-2: 2-RUN HOME RUN (Flyball, 78XD, EV 104.4 MPH), Distance : 424 ft
Pitching: RHP Ryan Burr
Batting: LHB Jason Heyward 0-0: Ball
1-0: Called Strike
1-1: Ball
2-1: Fly out, F4 (Line Drive, 4, EV 66.3 MPH)
Batting: SHB Ben Zobrist 0-0: Called Strike
0-1: Foul Ball, location: 2F
0-2: Strikes out looking
Top of the 5th over - 3 runs, 2 hits, 1 error, 0 left on base; Houston 6 - Texas 6
BOTTOM OF THE 5TH
Texas Rangers batting - Pitching for Houston Astros : RHP Domingo Acevedo
Batting: SHB Cesar Hernandez 0-0: Ground out 5-3 (Groundball, 5L, EV 88.8 MPH)
Batting: LHB Bryce Harper 0-0: Ball
1-0: Ball
2-0: Foul Ball, location: 2F
2-1: Fly out, F4 (Line Drive, 4, EV 61.3 MPH)
Batting: LHB Eric Thames 0-0: Ground out 4-3 (Groundball, 4, EV 85.0 MPH)
Bottom of the 5th over - 0 runs, 0 hits, 0 errors, 0 left on base; Houston 6 - Texas 6
TOP OF THE 6TH
Houston Astros batting - Pitching for Texas Rangers : RHP Ryan Burr
Batting: SHB Jorge Polanco 0-0: Ball
1-0: Foul Ball, location: 2F
1-1: Ball
2-1: Foul Ball, location: 2F
2-2: Ball
3-2: Strikes out swinging
Batting: RHB Jermaine Palacios 0-0: Ball
1-0: Called Strike
1-1: Ball
2-1: Foul Ball, location: 2F
2-2: SINGLE (Groundball, 34D, EV 103.1 MPH)
Batting: LHB Rougned Odor 0-0: Swinging Strike
0-1: Foul Ball, location: 2F
0-2: Foul Ball, location: 2F
0-2: Foul Ball, location: 2F
0-2: Strikes out looking
Jermaine Palacios steals 2nd base
Batter strikes out.
Batting: SHB Tucker Barnhart 0-0: Foul Ball, location: 2F
0-1: Ball
1-1: Ball
2-1: Called Strike
2-2: Ball
3-2: Foul Ball, location: 2F
3-2: Strikes out swinging
Top of the 6th over - 0 runs, 1 hit, 0 errors, 1 left on base; Houston 6 - Texas 6
BOTTOM OF THE 6TH
Texas Rangers batting - Pitching for Houston Astros : RHP Domingo Acevedo
Batting: LHB Joc Pederson 0-0: Called Strike
0-1: Ball
1-1: Fly out, F8 (Flyball, 8RM, EV 85.6 MPH)
Batting: RHB Andrelton Simmons 0-0: SINGLE (Line Drive, 3D, EV 98.8 MPH)
Batting: LHB Max Muncy 0-0: Swinging Strike
0-1: Ball
1-1: SINGLE (Line Drive, 7LS, EV 93.1 MPH)
Andrelton Simmons to second
Batting: SHB Jeimer Candelario 0-0: Called Strike
0-1: Ball
1-1: Fly out, F8 (Flyball, 8RS, EV 85.6 MPH)
Batting: RHB Wilson Ramos 0-0: 3-RUN HOME RUN (Flyball, 7D, EV 109.4 MPH), Distance : 364 ft
Pitching: LHP Jairo Labourt
Batting: LHB Ender Inciarte 0-0: Ball
1-0: Foul Ball, location: 2F
1-1: Foul Ball, location: 2F
1-2: Foul Ball, location: 2F
1-2: Strikes out looking
Bottom of the 6th over - 3 runs, 3 hits, 0 errors, 0 left on base; Houston 6 - Texas 9
TOP OF THE 7TH
Houston Astros batting - Pitching for Texas Rangers : RHP Ryan Burr
Pitching: LHP Andrew Chafin
Batting: LHB Colin Moran 0-0: Ball
1-0: Ball
2-0: Called Strike
2-1: Swinging Strike
2-2: Strikes out swinging
Batting: LHB Bradley Zimmer 0-0: Ball
1-0: Foul Ball, location: 2F
1-1: Foul Ball, location: 2F
1-2: Strikes out swinging
Batting: RHB Edwin Encarnacion 0-0: Foul Ball, location: 2F
0-1: Ground out 6-3 (Groundball, 6, EV 83.1 MPH)
Top of the 7th over - 0 runs, 0 hits, 0 errors, 0 left on base; Houston 6 - Texas 9
BOTTOM OF THE 7TH
Texas Rangers batting - Pitching for Houston Astros : LHP Jairo Labourt
Batting: SHB Cesar Hernandez 0-0: Ball
1-0: Called Strike
1-1: Ball
2-1: Ball
3-1: Base on Balls
Batting: LHB Bryce Harper 0-0: Ball
1-0: Called Strike
1-1: Ball
2-1: Foul Ball, location: 2F
2-2: Strikes out swinging
Batting: LHB Eric Thames 0-0: Foul Ball, location: 2F
0-1: Swinging Strike
0-2: Strikes out looking
Batting: LHB Joc Pederson 0-0: Foul Ball, location: 2F
0-1: Foul Ball, location: 2F
0-2: Hit by Pitch
Cesar Hernandez to second
Batting: RHB Andrelton Simmons 0-0: Swinging Strike
0-1: Ball
1-1: Ball
2-1: Called Strike
2-2: Ball
3-2: Ground out 5-3 (Groundball, 5, EV 80.6 MPH)
Bottom of the 7th over - 0 runs, 0 hits, 0 errors, 2 left on base; Houston 6 - Texas 9
TOP OF THE 8TH
Houston Astros batting - Pitching for Texas Rangers : LHP Andrew Chafin
Batting: LHB Jason Heyward 0-0: Called Strike
0-1: Foul Ball, location: 2F
0-2: Foul Ball, location: 2F
0-2: Strikes out looking
Batting: SHB Ben Zobrist 0-0: Swinging Strike
0-1: SINGLE (Groundball, 4MD, EV 100.0 MPH)
Batting: SHB Jorge Polanco 0-0: Foul Ball, location: 2F
0-1: Swinging Strike
Ben Zobrist steals 2nd base
0-2: Strikes out looking
Batting: RHB Jermaine Palacios 0-0: Ball
1-0: Foul Ball, location: 2F
1-1: Ball
2-1: Called Strike
2-2: Strikes out swinging
Top of the 8th over - 0 runs, 1 hit, 0 errors, 1 left on base; Houston 6 - Texas 9
BOTTOM OF THE 8TH
Texas Rangers batting - Pitching for Houston Astros : LHP Jairo Labourt
Pitching: LHP Chris Rusin
Batting: LHB Max Muncy 0-0: Ball
1-0: Foul Ball, location: 2F
1-1: Called Strike
1-2: Ball
2-2: Ground out 1-3 (Groundball, 34S, EV 79.4 MPH)
Batting: SHB Jeimer Candelario 0-0: Foul Ball, location: 2F
0-1: Foul Ball, location: 2F
0-2: Foul Ball, location: 2F
0-2: SINGLE (Line Drive, 7S, EV 106.9 MPH)
Batting: RHB Wilson Ramos 0-0: SINGLE (Groundball, 6MD, EV 102.5 MPH)
Jeimer Candelario to second
Batting: LHB Ender Inciarte 0-0: Ball
1-0: Ball
2-0: Foul Ball, location: 2F
2-1: Fielders Choice at 2nd, 6-4 (Groundball, 6, EV 90.0 MPH)
Jeimer Candelario to third
Batting: SHB Cesar Hernandez 0-0: Ball
1-0: Foul Ball, location: 2F
1-1: Ball
2-1: SINGLE (Groundball, 34D, EV 106.9 MPH)
Jeimer Candelario scores
Ender Inciarte to second
Runner from 2nd tries for 3rd, SAFE, no throw by RF
Batting: LHB Bryce Harper 0-0: Ball
1-0: Called Strike
1-1: Called Strike
1-2: Ball
2-2: Ball
3-2: Foul Ball, location: 2F
3-2: Fly out, F3 (Line Drive, 3, EV 72.5 MPH)
Bottom of the 8th over - 1 run, 3 hits, 0 errors, 2 left on base; Houston 6 - Texas 10
TOP OF THE 9TH
Houston Astros batting - Pitching for Texas Rangers : LHP Andrew Chafin
Pitching: RHP Will Harris
Batting: LHB Rougned Odor 0-0: Foul Ball, location: 2F
0-1: Swinging Strike
0-2: Ball
1-2: Ball
2-2: Strikes out swinging
Batting: SHB Tucker Barnhart 0-0: Swinging Strike
0-1: Ball
1-1: Foul Ball, location: 2F
1-2: Ball
2-2: Fly out, F8 (Flyball, 8LD, EV 93.1 MPH)
Batting: LHB Colin Moran 0-0: Foul Ball, location: 2F
0-1: Foul Ball, location: 2F
0-2: Strikes out swinging
Top of the 9th over - 0 runs, 0 hits, 0 errors, 0 left on base; Houston 6 - Texas 10
Friday, October 11th, 2019 - OOTP Baseball 20.6 Build 55